 Dungeon Sprint DCSS version 0.21-a0-150-gc243083 (webtiles) character file.

126 Lunath the Chopper (level 5, 0/46 HPs)
             Began as a Formicid Fighter on July 27, 2017.
             Was an Initiate of Qazlal.
             Slain by an earth elemental (7 damage)
             ... in the Dungeon (Sprint V: "Ziggurat Sprint").
             The game lasted 00:02:45 (139 turns).

Lunath the Chopper (Formicid Fighter)                Turns: 139, Time: 00:02:46

Health: 0/46       AC: 20    Str: 20    XL:     5   Next: 32%
Magic:  7/7        EV:  1    Int:  8    God:    Qazlal [......]
Gold:   0          SH: 18    Dex: 11    Spells: 4/4 levels left

rFire    + . .     SeeInvis +   F - +14 obsidian axe {chop, +Fly SInv *Curse} (curse)
rCold    + . .     Gourm    .   b - +3 large shield
rNeg     . . .     Faith    .   a - +5 gold dragon scales
rPois    +         Spirit   .   (helmet unavailable)
rElec    .         Reflect  .   (no cloak)
rCorr    .         Harm     .   (no gloves)
MR       .....                  (no boots)
Stlth    ..........             (no amulet)
HPRegen  0.15/turn              (no ring)
MPRegen  0.10/turn              (no ring)

@: liquid flames, mesmerised, glowing
A: permanent stasis, dig shafts and tunnels, four strong arms, antennae 3
a: Dig, Renounce Religion, Evoke Flight


You were in the Dungeon.
You worshipped Qazlal.
Qazlal was noncommittal.
You were not hungry.

You visited 1 branch

Inventory:

Hand Weapons
 c - a +5 executioner's axe
 F - the cursed +14 obsidian axe (weapon) {chop, +Fly SInv *Curse}
   (You found it in the Dungeon)

   It inflicts extra damage upon your enemies.
   It lets you see invisible.
   It lets you fly.
   It curses itself when equipped.
   It has a curse placed upon it.
Armour
 a - +5 gold dragon scales (worn)
 b - a +3 large shield (worn)
Jewellery
 z - a +6 ring of dexterity
 A - a +6 ring of dexterity
 B - a +6 ring of intelligence
 C - a +6 ring of intelligence
 D - a +6 ring of strength
 E - a +6 ring of strength
Wands
 u - a wand of disintegration (7/24)
 w - a wand of iceblast (5/15)
 x - a wand of lightning (5/15)
 y - a wand of acid (5/15)
Scrolls
 k - 4 scrolls of amnesia
 l - 3 scrolls of recharging
 m - 7 scrolls of fog
 n - a scroll of holy word
 o - 5 scrolls of identify
 p - 5 scrolls of remove curse
 q - 2 scrolls of fear
Potions
 d - 6 potions of might
 e - 10 potions of curing
 g - 7 potions of heal wounds
 i - 7 potions of magic
 r - 2 potions of brilliance
 s - 2 potions of invisibility
 t - 4 potions of resistance
 v - 5 potions of agility
Comestibles
 f - 5 bread rations
 h - 42 fruits
 j - 4 meat rations


   Skills:
 + Level 5.9 Fighting
 * Level 6.6 Axes
 + Level 5.9 Armour
 + Level 2.5 Dodging
 + Level 6.4 Shields
 + Level 3.3 Invocations


You had 4 spell levels left.
You didn't know any spells.

Dungeon Overview and Level Annotations

Branches:
Dungeon (1/1)

Altars:
Ashenzari
Cheibriados
Dithmenos
Elyvilon
Fedhas
Gozag
Hepliaklqana
Kikubaaqudgha
Makhleb
Nemelex Xobeh
Okawaru
Qazlal
Ru
Sif Muna
Trog
Uskayaw
Vehumet
Wu Jian
Xom
Yredelemnul
Zin
The Shining One
Beogh
Jiyva
Lugonu

Annotations:
D 1 transporter


Innate Abilities, Weirdness & Mutations

You cannot be hasted, slowed, berserked, paralysed or teleported.
You can dig through walls and to a lower floor.
Your four strong arms can wield two-handed weapons with a shield.
You have a pair of large antennae on your head. (SInv)


Message History

The fire elemental hits you. The fire elemental burns you! You resist.
The deep elf knight mumbles some strange words.
The deep elf knight seems to speed up.
You barely miss the earth elemental.
The earth elemental is almost destroyed.
Your shield and gold dragon scales prevent you from hitting the deep elf mage.
You slash the fire elemental! You miss the fire elemental.
You closely miss the fire elemental. You miss the deep elf knight.
Visions of slaying the deep elf mage flood into your mind.
You are covered in liquid flames!
The fire elemental hits you. The fire elemental burns you! You resist.
You block the fire elemental's attack.
The deep elf mage points at you and mumbles some strange words.
The bolt of fire hits you! You resist.
* * * LOW HITPOINT WARNING * * *
You block the deep elf knight's attack. You block the fire elemental's attack.
The fire elemental hits you. The fire elemental burns you! You resist.
* * * LOW HITPOINT WARNING * * *
The fire elemental hits you. The earth elemental hits you!
You die...

▓▓▓▓▓▓▓▓▓▓▓▓▓
▓.8©8.▓.8©8.▓
{{
▓.)}".▓.....▓
{
▓.....▓...).▓
▓..e..▓.|...▓
▓.E@E3▓.....▓
▓.eEE.▓..©..▓
▓.§©§.▓▓▓▓▓▓▓
▓▓▓▓▓▓▓ {{
{{{ { { {


You could see a deep elf knight, an earth elemental, a deep elf mage, 3 fire
elementals and a friendly smoke demon.

Vanquished Creatures
  A hell hound (D)
  An iron imp (D)
2 creatures vanquished.

Vanquished Creatures (others)
  A spatial maelstrom (D)
1 creature vanquished.

Grand Total: 3 creatures vanquished

Notes
Turn   | Place    | Note
-------+----------+-------------------------------------------
     0 | D        | Lunath the Formicid Fighter began the quest for the Orb.
     0 | D        | Reached XP level 1. HP: 18/18 MP: 1/1
    24 | D        | Found a blossoming altar of Fedhas.
    31 | D        | Found a viscous altar of Jiyva.
    31 | D        | Found a hazy altar of Hepliaklqana.
    31 | D        | Found a transporter.
    31 | D        | Found an opulent altar of Gozag.
    31 | D        | Found an ancient bone altar of Kikubaaqudgha.
    31 | D        | Found a corrupted altar of Lugonu.
    36 | D        | Found a burning altar of Makhleb.
    37 | D        | Found a sacrificial altar of Ru.
    37 | D        | Found a stormy altar of Qazlal.
    37 | D        | Found a deep blue altar of Sif Muna.
    37 | D        | Found an iron altar of Okawaru.
    37 | D        | Found a bloodstained altar of Trog.
    37 | D        | Found a sparkling altar of Nemelex Xobeh.
    44 | D        | Reached skill level 5 in Axes
    44 | D        | Reached skill level 5 in Shields
    44 | D        | Reached XP level 2. HP: 26/26 MP: 2/2
    44 | D        | Banished a spatial maelstrom
    67 | D        | Became a worshipper of Qazlal Stormbringer
    75 | D        | Entered arena 2.
    75 | D        | Noticed a hell hound
    75 | D        | Found a transporter.
    77 | D        | Killed a hell hound
    77 | D        | Reached skill level 5 in Fighting
    77 | D        | Reached skill level 5 in Armour
    77 | D        | Reached XP level 3. HP: 31/34 MP: 2/5
    77 | D        | Reached XP level 4. HP: 37/40 MP: 2/6
    77 | D        | Reached XP level 5. HP: 43/46 MP: 2/7
   127 | D        | Entered arena 3.
   127 | D        | Noticed a deep elf knight
   127 | D        | Noticed a deep elf mage
   127 | D        | Found a transporter.
   135 | D        | Noticed a fire elemental
   135 | D        | Noticed a fire elemental
   135 | D        | HP: 1/46 [earth elemental (12)]
   138 | D        | Noticed a fire elemental
   138 | D        | Noticed a fire elemental
   139 | D        | Slain by an earth elemental

Vault maps used:
D:        sprint_v

Skill      XL: |  1  2  3  4  5 |
---------------+----------------+-----
Fighting       | 4 5 |  5.9
Axes           | 5 6 |  6.6
Armour         | 4 5 |  5.9
Shields        | 5 6 |  6.4
Dodging        | 2 |  2.5
Invocations    | 2 3 |  3.3

Action                   |  1- 3 |  4- 6 || total
-------------------------+-------+-------++-------
Melee: Broad axe         |     1 |     7 ||     8
  Use: Potion            |     1 |     3 ||     4
Armor: Gold dragon scale |     1 |    20 ||    21
Block: Large shield      |       |    13 ||    13
